 Dungeon Crawl Stone Soup version 0.18-a0-1639-g7533f42 (webtiles) character file.

200 4thArraOfDagon the Chopper (level 6, 0/47 HPs)
             Began as a Human Fighter on Mar 27, 2016.
             Was an Initiate of the Shining One.
             Slain by a sky beast (1 damage)
             ... on level 5 of the Dungeon.
             The game lasted 00:07:07 (932 turns).

4thArraOfDagon the Chopper (Human Fighter)           Turns: 932, Time: 00:07:08

Health: 0/47       AC: 14    Str: 14 (15) XL:     6   Next: 6%
Magic:  6/6        EV:  9    Int:  9      God:    the Shining One [......]
Gold:   149        SH:  0    Dex: 12 (13) Spells: 0 memorised, 5 levels left

rFire  + . .     SeeInvis .     a - +0 war axe
rCold  . . .     Gourm    .     b - +0 scale mail
rNeg   . . .     Faith    .     (no shield)
rPois  .         Spirit   .     n - +1 helmet
rElec  .         Dismiss  .     (no cloak)
rCorr  .         Reflect  .     q - +0 pair of gloves
SustAt .         Harm     .     (no boots)
MR     .....                    (no amulet)
Stlth  ..........               (no ring)
                                (no ring)

@: glowing, not resistant to hostile enchantments, extremely unstealthy
A: iridescent scales 1, fire resistance 1, weak 1
a: Renounce Religion


You were on level 5 of the Dungeon.
You worshipped the Shining One.
The Shining One was noncommittal.
You were not hungry.

You visited 2 branches of the dungeon, and saw 7 of its levels.

You collected 149 gold pieces.

Inventory:

Hand Weapons
 a - a +0 war axe (weapon)
Missiles
 m - 20 stones (quivered)
Armour
 b - a +0 scale mail (worn)
 n - a +1 helmet (worn)
 q - a +0 pair of gloves (worn)
Scrolls
 l - a scroll of recharging
Potions
 c - a potion of degeneration
Books
 p - a book of Unlife

   Spells                             Type                      Level
   a - Recall                         Summoning/Translocation      3
   b - Animate Dead                   Necromancy                   4
   c - Control Undead                 Necromancy                   4
   d - Cigotuvi's Embrace             Necromancy                   5
   e - Death Channel                  Necromancy                   6
   f - Simulacrum                     Ice/Necromancy               6
Comestibles
 f - 4 bread rations
 h - a slice of pizza


   Skills:
 - Level 3.0 Fighting
 * Level 4.9 Axes
 + Level 4.2 Armour
   Level 3.0 Shields


You had 5 spell levels left.
You didn't know any spells.

Dungeon Overview and Level Annotations

Branches:
Dungeon (6/15)             Temple (1/1) D:6

Altars:
Ashenzari
Cheibriados
Dithmenos
Elyvilon
Fedhas
Gozag
Kikubaaqudgha
Makhleb
Nemelex Xobeh
Okawaru
Pakellas
Ru
Sif Muna
Trog
Vehumet
Xom
Zin
The Shining One

Annotations:
D:5 Edmund
D:6 Pikel


Innate Abilities, Weirdness & Mutations

You are partially covered in iridescent scales (AC +4).
Your flesh is heat resistant.
You are weak. (Str -2)


Message History

* * * LOW HITPOINT WARNING * * *
Something shocks you. The Shining One protects you from harm!
The ogre barely misses you. Something hits you but does no damage.
Unknown command.
Unknown command.
Clearing level map.
Unknown command.
Enter note: Unknown command.
Unknown command.
Unknown command.
Unknown command.
Unknown command.
Enter note: The Shining One protects you from harm! (x30) Unknown command.
You hit the ogre.
The ogre is moderately wounded.
You miss something. The ogre closely misses you. Something hits you.
You die...

### ..# #.#
#.# #.# #.#
.#########.#
.....lO@{>>#
.###########


You could see an ogre and a giant newt.

Vanquished Creatures
  A slave (Temple)
  An ice beast (D:5)
  A centaur skeleton (D:3)
  A giant frog skeleton (D:4)
  2 adders
  A shadow imp (D:5)
  A worm (D:2)
  A giant gecko (D:2)
  A bat (D:1)
  4 giant cockroaches
  A goblin (D:2)
  5 hobgoblins
  4 jackals (D:1)
  3 kobolds
  A quokka (D:2)
  A ball python (D:3)
  5 rats
34 creatures vanquished.

Notes
Turn   | Place    | Note
--------------------------------------------------------------
     0 | D:1      | 4thArraOfDagon the Human Fighter began the quest for the Orb.
     0 | D:1      | Reached XP level 1. HP: 18/18 MP: 1/1
     0 | D:1      | jacquesderrida: hi
     0 | D:1      | jacquesderrida: zherkerz
     0 | D:1      | Zhokez: helo
     0 | D:1      | 4thArraOfDagon: hate those 50/50 adders
     0 | D:1      | Zhokez: ded?
     0 | D:1      | 4thArraOfDagon: helo
     0 | D:1      | 4thArraOfDagon: ded
     0 | D:1      | jacquesderrida: hi
    80 | D:1      | Zhokez: eat fruit to be healthy
    94 | D:1      | Reached XP level 2. HP: 20/24 MP: 2/2
    99 | D:1      | jacquesderrida: i am fruit
   139 | D:2      | Zhokez: mango?
   160 | D:2      | jacquesderrida: who you zokanz
   170 | D:2      | jacquesderrida: mango
   173 | D:2      | Zhokez: addr!
   173 | D:2      | jacquesderrida: womanstay
   177 | D:2      | HP: 1/24 [adder (2)]
   178 | D:2      | Reached XP level 3. HP: 1/29 MP: 3/3
   212 | D:2      | jacquesderrida: such are slovinski ways
   248 | D:2      | Zhokez: huh
   251 | D:2      | Zhokez: ?
   279 | D:2      | jacquesderrida: u rn't very brite r u
   312 | D:3      | Zhokez: not very
   323 | D:3      | Zhokez: xceptionaly
   334 | D:3      | jacquesderrida: I am sea
   345 | D:4      | Zhokez: salty
   346 | D:4      | jacquesderrida: u be weak in hed...
   396 | D:4      | jacquesderrida: i cure you for $5.99
   413 | D:5      | Entered Level 5 of the Dungeon
   415 | D:5      | Noticed an ice beast
   418 | D:5      | Zhokez: cheap-o
   426 | D:5      | Killed an ice beast
   426 | D:5      | jacquesderrida: gimme monies now i cure to morrow
   426 | D:5      | Reached XP level 4. HP: 16/35 MP: 4/4
   426 | D:5      | Reached XP level 5. HP: 18/41 MP: 5/5
   437 | D:5      | jacquesderrida: I pro mise
   459 | D:5      | Noticed Edmund
   459 | D:5      | jacquesderrida: I get back and cure
   462 | D:5      | Zhokez: mice are testy
   493 | D:4      | jacquesderrida: and give half bak
   562 | D:3      | jacquesderrida: and a wooden statue of pol pot
   579 | D:3      | jacquesderrida: deal
   579 | D:3      | Zhokez: two halves?
   587 | D:3      | Zhokez: then we ok
   602 | D:3      | Zhokez: better three
   610 | D:3      | jacquesderrida: I give two calves
   656 | D:3      | Reached XP level 6. HP: 34/47 MP: 6/6
   727 | D:6      | jacquesderrida: And then send boris on goat to get back and beat you on head!!!
   733 | D:6      | Found a staircase to the Ecumenical Temple.
   733 | D:6      | Noticed a slave
   734 | D:6      | Noticed Pikel
   734 | D:6      | Noticed a slave
   734 | D:6      | Noticed a slave
   734 | D:6      | Noticed a slave
   734 | D:6      | jacquesderrida: Such is slavinsky wey!!
   734 | D:6      | IMPOSSIBLE TEMPLE
   734 | D:6      | RIP
   735 | D:6      | Zhokez: ouch
   750 | D:6      | Noticed a sky beast
   754 | D:6      | Gained mutation: Your flesh is heat resistant. [potion of mutation]
   754 | D:6      | Gained mutation: You are weak. (Str -2) [potion of mutation]
   754 | D:6      | Gained mutation: You are partially covered in iridescent scales (AC +4). [potion of mutation]
   775 | Temple   | Entered the Ecumenical Temple
   789 | Temple   | Killed a slave
   826 | Temple   | Zhokez: medved?
   832 | Temple   | Became a worshipper of the Shining One
   848 | Temple   | jacquesderrida: How dare you
   848 | Temple   | Zhokez: so violet
   873 | Temple   | RUN
   875 | D:6      | jacquesderrida: I will have you arrested for this, sir
   875 | D:6      | Paralysed by Pikel for 5 turns
   890 | D:6      | Paralysed by Pikel for 7 turns
   906 | D:6      | Paralysed by Pikel for 5 turns
   913 | D:6      | jacquesderrida: perelize
   924 | D:5      | Noticed an ogre
   926 | D:5      | jacquesderrida: mayne...
   926 | D:5      | RIOP
   931 | D:5      | HP: 1/47 [something (2)]
   931 | D:5      | The Shining One protects you from harm!
   932 | D:5      | jacquesderrida: kyl
   932 | D:5      | jacquesderrida: shokk
   932 | D:5      | Enter note: The Shining One protects you from harm! (x30)
   932 | D:5      | The Shining One protects you from harm! (x30)
   932 | D:5      | Slain by a sky beast

Vault maps used:
D:1:      lordsloth_arrival_two_stooges, hex_intersection
D:2:      kennysheep_generic_room_9
D:3:      first_bread, uniq_grinder, uniq_sigmund
D:4:      minmay_item_behind_shaft
D:5:      minitemple, serial_shops, shop, uniq_edmund
D:6:      minmay_temple_entry_purple_smoke, serial_shops, kennysheep_little_box,
          minmay_gold_behind_fungi, minmay_misc_feat_four_crosses,
          uniq_menkaure, uniq_pikel, uniq_eustachio
Temple:   kilobyte_greek_temple_18

Skill      XL: |  1  2  3 |
---------------+----------+-----
Axes           | 3 4 |  4.9
Armour         | 4 |  4.2
Fighting       | |  3.0
Shields        | |  3.0

Action                   |  1- 3 |  4- 6 || total
-------------------------+-------+-------++-------
Melee: War axe           |    81 |    50 ||   131
  Use: Potion            |     4 |     5 ||     9
       Scroll            |     2 |     5 ||     7
